 Dungeon Crawl Stone Soup version 0.24.0-123-gd5b16e6ec5 (webtiles) character file.

Game seed: 10029563549023645800, levelgen mode: deterministic

17 FishyPogo the Charmwright (level 2, 0/26 HPs)
             Began as a Gnoll Skald on Dec 22, 2019.
             Slain by an orc (1 damage)
             ... on level 3 of the Dungeon.
             The game lasted 00:01:38 (875 turns).

FishyPogo the Charmwright (Gnoll Skald)              Turns: 875, Time: 00:01:38

Health: 0/26       AC:  4    Str: 13    XL:     2   Next: 62%
Magic:  3/7        EV: 14    Int: 15    God:
Gold:   26         SH:  0    Dex: 14    Spells: 5/10 levels left

rFire    . . .     SeeInvis .   a - +0 short sword
rCold    . . .     Gourm    .   (no shield)
rNeg     . . .     Faith    .   b - +0 leather armour
rPois    .         Spirit   .   h - +0 helmet
rElec    .         Reflect  .   (no cloak)
rCorr    .         Harm     .   (no gloves)
MR       .....                  (no boots)
Stlth    ..........             (no amulet)
HPRegen  0.08/turn              g - ring of attention (curse)
MPRegen  0.10/turn              (no ring)

@: shrouded, singing
A: distributed training, fangs 1, strong nose
a: no special abilities


You were on level 3 of the Dungeon.
You were not hungry.

You visited 1 branch of the dungeon, and saw 3 of its levels.

You collected 26 gold pieces.

Inventory:

Hand Weapons
 a - a +0 short sword (weapon)
Missiles
 e - 26 stones (quivered)
Armour
 b - a +0 leather armour (worn)
 h - a +0 helmet (worn)
Jewellery
 g - a cursed ring of attention (left hand)
Scrolls
 c - 2 scrolls of remove curse {unknown}
 i - a scroll of amnesia {unknown}
 j - a scroll of immolation {unknown}
 k - a scroll of identify {unknown}
Potions
 f - a potion of lignification {unknown}
 l - a potion of might {unknown}
 m - a potion of heal wounds {unknown}
Comestibles
 d - 3 rations


   Skills:
 + Level 4.5 Fighting
 + Level 4.5 Short Blades
 + Level 0.4 Long Blades
 + Level 0.4 Axes
 + Level 0.4 Maces & Flails
 + Level 0.4 Polearms
 + Level 0.4 Staves
 + Level 0.4 Slings
 + Level 0.4 Bows
 + Level 0.4 Crossbows
 + Level 0.4 Throwing
 + Level 2.5 Armour
 + Level 4.5 Dodging
 + Level 0.4 Stealth
 + Level 0.4 Shields
 + Level 0.4 Unarmed Combat
 + Level 4.9 Spellcasting
 + Level 0.2 Conjurations
 + Level 0.2 Hexes
 + Level 5.3 Charms
 + Level 0.2 Summonings
 + Level 0.2 Necromancy
 + Level 0.2 Translocations
 + Level 0.2 Transmutations
 + Level 0.2 Fire Magic
 + Level 0.2 Ice Magic
 + Level 0.2 Air Magic
 + Level 0.2 Earth Magic
 + Level 0.2 Poison Magic
 + Level 0.5 Invocations
 + Level 0.4 Evocations


You had 5 spell levels left.
You knew the following spells:

 Your Spells              Type           Power        Failure   Level  Hunger
p - Shroud of Golubria    Chrm/Tloc      ##....       10%         2    ##.....
u - Song of Slaying       Chrm           ###.....     3%          2    ##.....
y - Infusion              Chrm           ###.         2%          1    None

Your spell library contained the following spells:

 Spells                   Type           Power        Failure   Level  Hunger
 Regeneration             Chrm/Necr      ##........   21%         3    ###....
 Spectral Weapon          Hex/Chrm       ##......     21%         3    ###....


Dungeon Overview and Level Annotations

Branches:
Dungeon (3/15)

Altars:


Innate Abilities, Weirdness & Mutations

Your experience applies equally to all skills.
You have very sharp teeth.
Your uncanny sense of smell can sniff out nearby items.


Message History

The kobold hits you but does no damage. The quokka barely misses you.
The rat bites you but does no damage. The frilled lizard closely misses you.
You barely miss the rat.
The quokka bites you but does no damage.
The kobold hits you with a +0 dagger.
* * * LOW HITPOINT WARNING * * *
The rat misses you. The frilled lizard barely misses you.
Casting: Song of Slaying (safe; 3% risk of failure)
Confirm with . or Enter, or press ? or * to list all spells.
Space distorts slightly along a thin shroud covering your body.
The quokka barely misses you. The kobold barely misses you. The orc hits you.
* * * LOW HITPOINT WARNING * * *
Your shroud falls apart!
The rat closely misses you. The frilled lizard closely misses you.
Casting: Shroud of Golubria (safe; 10% risk of failure)
Confirm with . or Enter, or press ? or * to list all spells.
Space distorts slightly along a thin shroud covering your body.
The quokka closely misses you. The kobold hits you but does no damage.
The orc hits you.
You die...

≈≈≈≈≈≈###..
.≈≈........#
.≈≈.........#
≈....≈≈.....#
≈..≈≈..≈....#
.≈≈....≈....###
....⌠≈≈.K.....#
...≈≈⌠.ol@....##
..≈...)≈ror....#
..≈..≈≈..≈..###..
...≈≈....≈..#
.......≈(...#
......≈≈....#
##≈≈≈≈≈≈###.#
##≈≈≈≈## #..
##### #.#


You could see 2 orcs, a quokka, a kobold, a frilled lizard and a rat.

Vanquished Creatures
  An orc (D:3)
  A giant cockroach (D:1)
  A goblin (D:1)
  4 hobgoblins (D:1)
  3 kobolds (D:1)
  A bat (D:1)
  3 frilled lizards (D:1)
  2 rats
16 creatures vanquished.

Notes
Turn   | Place    | Note
-------+----------+-------------------------------------------
     0 | D:1      | FishyPogo the Gnoll Skald began the quest for the Orb.
     0 | D:1      | Reached XP level 1. HP: 20/20 MP: 6/6
   246 | D:1      | Reached XP level 2. HP: 17/26 MP: 7/7
   250 | D:1      | Learned a level 2 spell: Song of Slaying
   255 | D:1      | Learned a level 2 spell: Shroud of Golubria
   874 | D:3      | HP: 1/26 [orc (2)]
   875 | D:3      | Slain by an orc

Levels and vault maps discovered:
D:1:      lemuel_arrival_lava_pool, layout_basic, hex_medium
D:2:      layout_basic, overflow_temple_1_default, first_ration
D:3:      cheibrodos_helix_gallery, layout_loops_ring, lemuel_doored_altar,
          zin_treasury

Action                   || total
-------------------------++-------
Melee: Short sword       ||    69
       Bite              ||     7
       Punch             ||     1
 Cast: Shroud of Golubri ||     3
       Song of Slaying   ||     2
Armor: Leather armour    ||    24
Dodge: Dodged            ||    75
